Map: Arctic Flowers LE

Players

VortDyn - Winner!

  • Race: Protoss Protoss
  • Spawn Location: 1:00

ZergEnjoyer - Winner!

  • Race: Zerg Zerg
  • League: Diamond
  • Spawn Location: 1:00

Ekelpack

  • Race: Zerg Zerg
  • Spawn Location: 7:00

Nyck

  • Race: Terran Terran
  • Spawn Location: 7:00

VOD

Have the link to the VOD?

Description

Time

  • Played on: Feb. 11, 2025, 1:20 p.m.
  • Length: 6:11
Show
View Real Time Build Order
Export as new Build Order

VortDyn Protoss - Winner!

Build Orders: 1 Gate Expand 

Get SALT Encoding   

  1  0:00  Probe  
  12  0:04  Probe  
  14  0:14  Probe  
  15  0:23  Pylon  
  15  0:29  Assimilator  
  15  0:41  Gateway, Probe  
  16  0:52  Probe  
  17  1:00  Probe  
  17  1:06  Assimilator  
  17  1:08  Probe  
  19  1:25  Nexus  
  19  1:36  Cybernetics Core  
  19  1:39  Probe  
  20  1:54  Probe  
  21  2:07  Probe  
  22  2:10  Forge, Pylon  
  22  2:16  Stargate  
  22  2:18  Protoss Air Weapons Level 1  
  22  2:34  Probe  
  23  2:41  Pylon  
  23  2:44  Probe  
  24  2:56  Void Ray  
  28  3:11  Probe x2  
  30  3:23  Probe x2  
  32  3:31  Assimilator, Stargate  
  32  3:35  Probe x2  
  34  3:47  Probe x2  
  34  3:48  Void Ray  
  40  3:59  Probe x2  
  50  4:33  Void Ray  
  50  4:34  Void Ray, Probe  
  50  4:35  Probe  
  52  4:46  Probe  
  52  4:47  Probe  
  54  4:58  Nexus  
  54  5:11  Pylon  
  54  5:29  Probe x2  
  60  6:08  Fleet Beacon  
Show
View Real Time Build Order
Export as new Build Order

ZergEnjoyer Zerg - Winner!

Build Orders: 1 Base Baneling Bust, Pool First, Zergling Baneling 

Get SALT Encoding   

  12  0:00  Drone  
  13  0:08  Drone  
  14  0:22  Extractor x2  
  14  0:23  Drone x2  
  15  0:37  Spawning Pool  
  14  0:44  Overlord  
  14  1:03  Drone x3  
  17  1:26  Baneling Nest  
  17  1:30  Zergling x4  
  17  1:32  Queen  
  20  1:36  Zergling x2  
  21  1:50  Zergling x2  
  22  2:06  Spine Crawler  
  21  2:09  Overlord  
  21  2:29  Baneling  
  21  2:37  Zergling x6  
  21  2:39  Baneling x5  
  24  2:46  Zergling x2  
  25  2:51  Zergling x2  
  26  2:59  Hatchery  
  25  3:06  Metabolic Boost  
  25  3:19  Overlord x2  
  21  4:12  Zergling x14  
  21  4:15  Zergling x2  
  21  4:16  Queen  
  26  4:28  Zergling x2  
  27  4:32  Lair  
  27  4:47  Zergling x4  
  27  4:48  Zergling x2  
  30  4:54  Baneling x4  
  30  5:03  Zergling x10  
  30  5:04  Zergling x2  
  28  5:35  Zergling x10  
  30  5:36  Zergling x4  
Show
View Real Time Build Order
Export as new Build Order

Ekelpack Zerg 

Build Orders: Hatch First 

Get SALT Encoding   

  12  0:00  Drone  
  13  0:12  Overlord  
  13  0:17  Drone  
  14  0:31  Drone x2  
  14  0:35  Drone  
  17  0:45  Drone  
  18  0:56  Drone  
  19  0:59  Extractor  
  19  1:01  Hatchery  
  17  1:12  Spawning Pool  
  17  1:15  Drone  
  17  1:20  Drone  
  18  1:28  Drone  
  19  1:40  Drone  
  20  1:59  Queen  
  22  2:03  Metabolic Boost  
  22  2:13  Drone, Queen  
  25  2:17  Overlord  
  25  2:19  Drone x2  
  27  2:26  Extractor  
  27  2:27  Drone  
  27  2:29  Drone  
  28  2:41  Lair  
  28  2:44  Drone x2  
  29  2:47  Drone  
  29  2:50  Extractor  
  29  2:51  Drone  
  31  3:06  Zergling x4  
  31  3:08  Zergling x2  
  31  3:11  Zergling x4  
  36  3:23  Overlord  
  36  3:31  Overlord  
  34  3:40  Spine Crawler  
  31  3:54  Queen  
  27  3:55  Drone x2  
  27  3:56  Drone x4  
  31  4:05  Spire  
  21  4:23  Zergling x2  
  22  4:26  Zergling x2  
  22  4:27  Zergling x10  
  28  4:41  Drone x2  
  28  4:42  Drone  
  31  5:09  Drone  
  31  5:10  Drone x3  
  35  5:28  Zergling x6  
  30  5:30  Mutalisk x3  
  35  5:44  Mutalisk x2  
Show
View Real Time Build Order
Export as new Build Order

Nyck Terran 

Build Orders: Reaper Expand 

Get SALT Encoding   

  12  0:00  SCV  
  13  0:12  SCV  
  14  0:18  Supply Depot  
  14  0:24  SCV  
  15  0:40  SCV  
  15  0:41  Barracks  
  16  0:48  Refinery  
  16  0:52  SCV  
  17  1:04  SCV  
  18  1:16  SCV  
  19  1:26  Supply Depot  
  19  1:30  Barracks  
  19  1:32  Orbital Command  
  19  1:33  Reaper  
  20  1:57  Refinery  
  20  2:07  Command Center  
  20  2:14  SCV  
  21  2:19  Barracks Tech Lab  
  21  2:25  Barracks Reactor  
  21  2:28  SCV  
  22  2:41  Marine  
  23  2:45  SCV  
  24  2:57  Barracks  
  24  2:59  Marine  
  24  3:00  Barracks  
  24  3:03  Marine x2  
  27  3:09  SCV  
  28  3:21  Orbital Command  
  28  3:26  Marine x2, Marauder  
  32  3:28  SCV  
  32  3:33  Combat Shield  
  33  4:00  Marine x2, Marauder  
  37  4:17  Marine x2  
  37  4:18  Marine x2  
  37  4:35  SCV, Marine  
  37  4:36  Marine x2  
  41  4:47  SCV, Marine x2  
  44  4:53  Marine  
  45  5:06  Marine, Engineering Bay  
  46  5:08  Bunker  
  46  5:14  Marine  
  46  5:15  Marine x3  
  36  5:33  Orbital Command  
  36  5:34  Marine  
  36  5:35  Marine x2  
  30  5:45  Marine x2  
  29  5:51  SCV  
  29  5:52  Marine  
Tags
 
Add a new tag
Caveats
  • Supply blocks, unpowered buildings, or Contaminate may cause inaccurate times.
  • Supply counts are checked every 10 seconds.